Map: Lost and Found LE

Players

Snute

  • Race: Zerg Zerg
  • Spawn Location: 1:00

GOStephano (Stephano) - Winner!

  • Race: Zerg Zerg
  • Spawn Location: 7:00

Event: WCS Austin 2018

VOD

Have the link to the VOD?

Description

Time

  • Played on: June 2, 2018, 6:17 p.m.
  • Length: 9:57

All games in this series

Show
View Real Time Build Order
Export as new Build Order

Snute Zerg 

Build Orders: Hatch First, Zergling Baneling 

Get SALT Encoding   

  12  0:00  Drone  
  13  0:12  Overlord  
  13  0:16  Drone  
  14  0:30  Drone x2  
  14  0:34  Drone  
  17  0:50  Hatchery  
  17  0:53  Drone  
  17  0:56  Drone  
  18  0:59  Extractor  
  17  1:12  Spawning Pool  
  17  1:15  Drone  
  17  1:18  Drone  
  18  1:28  Drone  
  19  1:38  Overlord  
  19  1:49  Drone  
  20  1:58  Queen, Metabolic Boost  
  22  2:02  Drone, Queen  
  22  2:06  Zergling x2  
  26  2:10  Zergling x2  
  26  2:13  Zergling x2  
  28  2:21  Zergling x2  
  29  2:24  Drone  
  30  2:32  Drone  
  30  2:34  Drone, Queen  
  34  2:42  Drone  
  35  2:47  Hatchery  
  34  2:52  Overlord  
  34  2:56  Drone  
  35  3:01  Baneling Nest  
  35  3:03  Drone  
  35  3:05  Drone  
  35  3:15  Zergling x8  
  39  3:20  Zergling x4  
  39  3:23  Overlord  
  39  3:27  Zergling x2  
  42  3:30  Drone  
  43  3:44  Baneling  
  43  3:45  Baneling x4  
  43  3:46  Drone x2  
  45  3:49  Drone x3  
  45  3:53  Overlord  
  45  3:54  Drone x2  
  50  4:00  Baneling  
  50  4:09  Drone x3  
  49  4:13  Drone  
  49  4:14  Drone  
  48  4:19  Drone  
  48  4:21  Drone x3  
  48  4:22  Drone x4  
  54  4:30  Zergling x2  
  54  4:31  Evolution Chamber, Extractor, Roach Warren, Zergling x2  
  54  4:34  Zergling x2  
  53  4:39  Zergling x2  
  53  4:40  Queen  
  53  4:44  Zergling x4  
  58  4:46  Zergling x2  
  58  4:49  Baneling x2  
  58  4:52  Baneling x2  
  59  4:54  Zergling x4  
  60  5:04  Zergling x4  
  60  5:05  Zergling x10  
  63  5:11  Zergling x10  
  57  5:17  Roach  
  60  5:21  Roach x2  
  60  5:29  Drone x3  
  60  5:32  Drone  
  60  5:34  Drone x2  
  66  5:41  Overlord  
  66  5:44  Baneling x2  
  66  5:45  Baneling  
  66  5:46  Overlord  
  65  5:53  Overlord  
  65  5:54  Overlord  
  65  5:56  Overlord  
  64  6:03  Roach x4  
  68  6:09  Drone x5  
  73  6:12  Drone x2  
  73  6:14  Drone  
  73  6:15  Drone  
  73  6:17  Drone  
  78  6:19  Drone  
  78  6:21  Drone, Extractor  
  78  6:23  Drone  
  79  6:26  Roach  
  79  6:27  Roach  
  79  6:30  Extractor  
  79  6:31  Extractor  
  81  6:33  Drone x3  
  81  6:39  Roach x3  
  90  6:41  Drone x2  
  91  6:53  Overlord  
  89  6:54  Drone x8  
  89  6:55  Drone  
  89  6:59  Lair  
  97  7:05  Overlord  
  97  7:09  Overlord, Zerg Missile Weapons Level 1  
  97  7:13  Drone x4  
  101  7:15  Drone  
  101  7:16  Drone  
  101  7:22  Drone x2  
  105  7:23  Overlord  
  105  7:28  Hatchery  
  102  7:30  Overlord  
  102  7:34  Overlord, Roach  
  102  7:36  Roach  
  106  7:39  Roach x2  
  106  7:42  Ravager x4  
  106  7:43  Roach  
  116  7:50  Roach x4  
  122  7:54  Roach x2  
  129  7:58  Roach x2  
  129  8:03  Roach x2, Extractor  
  129  8:04  Roach  
  133  8:08  Roach x3  
  139  8:13  Roach x2  
  139  8:14  Overlord x2  
  139  8:17  Overlord  
  116  8:37  Roach x7  
  116  8:38  Roach x6  
  119  8:41  Roach  
  119  8:42  Roach  
  119  8:46  Roach x2  
  119  8:48  Roach  
  121  8:52  Roach x3  
  121  8:55  Roach  
  109  8:56  Queen  
  109  8:59  Roach  
  109  9:00  Roach  
  104  9:13  Roach x6  
  104  9:16  Roach  
  97  9:21  Roach x2  
  95  9:24  Roach  
  95  9:27  Roach  
  97  9:37  Roach x3  
Show
View Real Time Build Order
Export as new Build Order

GOStephano Zerg - Winner!

Build Orders: Hatch First 

Get SALT Encoding   

  12  0:00  Drone  
  13  0:12  Overlord  
  13  0:16  Drone  
  14  0:31  Drone x2  
  16  0:47  Hatchery  
  15  0:50  Drone  
  15  0:54  Drone  
  17  0:57  Drone  
  18  1:08  Extractor  
  17  1:12  Spawning Pool  
  17  1:15  Drone  
  17  1:19  Drone  
  18  1:29  Drone  
  19  1:39  Drone  
  20  1:50  Drone  
  21  1:59  Queen x2  
  21  2:00  Zergling x2  
  26  2:02  Overlord  
  26  2:06  Evolution Chamber  
  25  2:10  Drone  
  25  2:12  Drone  
  27  2:21  Drone  
  28  2:23  Drone  
  29  2:31  Zerg Ground Armor Level 1  
  29  2:34  Drone x2  
  31  2:37  Queen  
  31  2:43  Overlord  
  32  2:56  Spine Crawler  
  32  2:57  Drone x3  
  34  3:09  Drone x3, Metabolic Boost  
  34  3:11  Drone  
  38  3:15  Drone x2  
  38  3:19  Drone  
  42  3:20  Drone  
  42  3:24  Zergling x2  
  43  3:31  Zergling x2  
  43  3:32  Overlord  
  44  3:38  Overlord  
  44  3:42  Extractor  
  44  3:46  Evolution Chamber, Queen  
  44  3:47  Spine Crawler  
  43  3:51  Evolution Chamber, Zergling x2  
  43  3:52  Zergling x6  
  46  4:00  Evolution Chamber  
  45  4:06  Zergling x2  
  41  4:16  Zergling x10  
  40  4:27  Zergling x12  
  46  4:33  Drone, Zerg Missile Weapons Level 1  
  47  4:42  Drone x2  
  47  4:43  Hatchery  
  48  4:52  Drone x2  
  49  5:00  Zergling x6  
  49  5:05  Zergling x2  
  49  5:06  Zergling x8  
  48  5:15  Drone x2  
  47  5:23  Lair  
  47  5:24  Extractor  
  47  5:25  Drone x2  
  47  5:26  Roach Warren  
  47  5:34  Zergling x2  
  47  5:35  Zergling x4  
  50  5:42  Drone x5  
  52  5:57  Drone x2  
  50  6:04  Overlord  
  50  6:08  Roach x4  
  50  6:10  Roach x2  
  62  6:12  Roach  
  62  6:14  Roach  
  66  6:18  Overlord  
  66  6:21  Glial Reconstitution  
  66  6:26  Roach x2  
  66  6:31  Roach x2  
  74  6:37  Roach x2  
  78  6:40  Drone x3  
  80  6:49  Overlord x2  
  80  6:55  Overlord  
  80  6:56  Overlord  
  80  6:59  Overlord  
  77  7:03  Overlord  
  77  7:04  Roach  
  77  7:07  Ravager x3  
  82  7:09  Roach  
  82  7:11  Roach  
  82  7:13  Roach  
  90  7:15  Roach  
  90  7:18  Roach  
  90  7:20  Ravager  
  90  7:21  Roach  
  95  7:26  Roach x2  
  99  7:31  Roach x2  
  99  7:34  Roach x2  
  107  7:37  Roach  
  107  7:41  Roach  
  111  7:46  Roach x2  
  115  7:54  Roach x2  
  115  7:55  Roach  
  121  8:02  Roach x2  
  121  8:03  Overlord x2  
  121  8:04  Drone x2  
  127  8:09  Overlord  
  127  8:24  Roach x7  
  129  8:36  Roach x4  
  122  8:50  Roach x4  
  122  8:55  Roach x2  
  120  9:10  Roach x5  
  120  9:13  Roach  
  117  9:20  Roach  
  117  9:21  Roach x2  
  119  9:25  Drone x2  
  119  9:26  Drone x6  
  119  9:27  Extractor  
  119  9:29  Extractor  
Tags
 
Add a new tag
Caveats
  • Supply blocks, unpowered buildings, or Contaminate may cause inaccurate times.
  • Supply counts are checked every 10 seconds.